 Dungeon Crawl Stone Soup version 0.27.1-1-g398f81649c (webtiles) character file.

Game seed: 7997997375573164608

2956603 Amplified the Unforgettable (level 27, 219/219 HPs)
             Began as a Demonspawn Ice Elementalist on Sept 14, 2021.
             Was the Champion of Hepliaklqana.
             Escaped with the Orb
             ... and 5 runes on Sept 22, 2021!
             The game lasted 02:55:03 (83669 turns).

Amplified the Unforgettable (DsIE)                 Turns: 83669, Time: 02:55:04

Health: 219/219    AC: 32    Str: 18    XL:     27
Magic:  41/42      EV: 21    Int: 28    God:    Hepliaklqana [******]
Gold:   9068       SH: 27    Dex: 16    Spells: 29/57 levels left

rFire    + + .     SeeInvis +   V - +3 Elemental Staff {rElec rF++ rC++ Will++ AC+5}
rCold    + + +     Faith    .   J - +5 kite shield {reflect}
rNeg     + + +     Spirit   .   E - +6 scale mail of Undesirable Species {rC+ rN+ Regen+ Int+5}
rPois    +         Reflect  +   B - +2 helmet {Int+3}
rElec    +         Harm     .   y - +4 dragonskin cloak
rCorr    +         Rampage  .   K - +2 pair of gloves
Will     ++++.                  (boots unavailable)
Stlth    +.........             Q - macabre finger necklace {rN+}
HPRegen  1.46/turn              z - ring "Sesorph" {rC+ EV+4 Slay+2}
MPRegen  0.28/turn              k - ring of Truth {Fly rPois rN+ rCorr Str-2}
                                G - ring of Zuwoun {Str+4 SInv}

@: flying
A: reduced essence, hooves 3, large bone plates 3, demonic guardian 3, powered
by pain 3, augmentation 3, see invisible, mutation resistance 1, MP-powered
wands
0: Orb of Zot
}: 5/15 runes: decaying, slimy, silver, abyssal, gossamer
a: Renounce Religion, Recall Ancestor, Ancestor Identity, Transference, Idealise


You escaped.
You worshipped Hepliaklqana.
Hepliaklqana was exalted by your worship.
You visited 11 branches of the dungeon, and saw 57 of its levels.
You visited the Abyss 1 time.
You visited 1 bazaar.
You visited 1 ziggurat, and saw 9 of its levels.
You also visited: Trove, Sewer, Bailey, Ice Cave and Wizlab.

You collected 13864 gold pieces.
You spent 4796 gold pieces at shops.

Inventory:

Hand Weapons
 V - the +3 Elemental Staff (weapon) {rElec rF++ rC++ Will++ AC+5}
   (You acquired it on level 6 of the Lair of Beasts)

   If the wielder is skilled in Evocations, they can discharge powerful blasts
   of elemental energy when striking with it.
   It enhances your fire, ice, earth and air magic.
   AC:        It affects your AC (+5).
   rF:        It greatly protects you from fire.
   rC:        It greatly protects you from cold.
   rElec:     It insulates you from electricity.
   Will:      It greatly increases your willpower.
Missiles
 i - 27 curare-tipped darts (quivered)
Armour
 n - a +0 tower shield of cold resistance
 q - a +5 ring mail of fire resistance
 y - the +4 dragonskin cloak (worn)
   (You took it off Tiamat on level 4 of the Realm of Zot)

   It grants the wearer a chance to resist fire, cold, poison, electricity,
   acid, and negative energy.
 B - a +2 helmet of intelligence (worn)
 E - the +6 scale mail of Undesirable Species (worn) {rC+ rN+ Regen+ Int+5}
   (You found it on level 3 of the Crypt)

   Int:       It affects your intelligence (+5).
   rC:        It protects you from cold.
   rN:        It protects you from negative energy.
   Regen:     It increases your rate of health regeneration.
 J - a +5 kite shield of reflection (worn)
 K - a +2 pair of gloves (worn)
Jewellery
 g - the amulet of Pefoaqy {Acrobat rElec rN+ Int+3}
   (You took it off a deep elf death mage on level 3 of the Elven Halls)

   [amulet of the acrobat]

   It increases your evasion while moving and waiting.
   Int:       It affects your intelligence (+3).
   rElec:     It insulates you from electricity.
   rN:        It protects you from negative energy.
 k - the ring of Truth (right hand) {Fly rPois rN+ rCorr Str-2}
   (You bought it in a shop on level 2 of the Orcish Mines)

   [ring of poison resistance]

   Str:       It affects your strength (-2).
   rPois:     It protects you from poison.
   rN:        It protects you from negative energy.
   Fly:       It grants you flight.
   rCorr:     It protects you from acid and corrosion.
 w - an amulet of reflection
 z - the ring "Sesorph" (left hand) {rC+ EV+4 Slay+2}
   (You acquired it on level 3 of the Elven Halls)

   [ring of evasion]

   EV:        It affects your evasion (+4).
   Slay:      It affects your accuracy & damage with ranged weapons and melee
   (+2).
   rC:        It protects you from cold.
 D - the ring "Mideor" {rN+++ MP+9 Int+2 Dex-2 SInv}
   (You found it on level 7 of a ziggurat)

   [ring of magical power]

   Int:       It affects your intelligence (+2).
   Dex:       It affects your dexterity (-2).
   rN:        It renders you almost immune to negative energy.
   MP:        It affects your magic capacity (+9).
   SInv:      It lets you see invisible.
 G - the ring of Zuwoun (on amulet) {Str+4 SInv}
   (You found it on level 3 of the Crypt)

   [ring of see invisible]

   Str:       It affects your strength (+4).
   SInv:      It lets you see invisible.
 P - the amulet "Nuemarph" {Spirit Fragile rF+++ rC- MP+9}
   (You found it in a treasure trove)

   [amulet of guardian spirit]

   It causes incoming damage to be divided between your reserves of health and
   magic.
   rF:        It renders you almost immune to fire.
   rC:        It makes you vulnerable to cold.
   MP:        It affects your magic capacity (+9).
   Fragile:   It will be destroyed if unequipped.
 Q - the macabre finger necklace (around neck) {rN+}
   (You found it on level 3 of the Lair of Beasts)

   [amulet of nothing]

   It enables you to equip an extra ring.
   rN:        It protects you from negative energy.
Wands
 m - a wand of digging (32)
 v - a wand of iceblast (78)
 L - a wand of acid (29)
 S - a wand of paralysis (43)
 X - a wand of mindburst (13)
Scrolls
 a - 3 scrolls of blinking
 e - 19 scrolls of teleportation
 o - 16 scrolls of amnesia
 r - 4 scrolls of magic mapping
 s - 3 scrolls of enchant weapon
 t - 4 scrolls of fear
 A - 7 scrolls of immolation
 C - 2 scrolls of silence
 H - 62 scrolls of identify
 N - 6 scrolls of fog
 W - 4 scrolls of summoning
 Y - 3 scrolls of enchant armour
Potions
 c - 7 potions of might
 d - a potion of berserk rage
 f - 6 potions of ambrosia
 j - 8 potions of brilliance
 l - 12 potions of heal wounds
 p - 20 potions of curing
 u - 3 potions of mutation
 x - 8 potions of lignification
 O - 2 potions of resistance
 R - 2 potions of invisibility
 T - 4 potions of magic
 Z - 4 potions of cancellation
Miscellaneous
 b - a lightning rod (4/4)
 F - a phantom mirror
 I - a tin of tremorstones (inert)
 M - a condenser vane (inert)
 U - a box of beasts


   Skills:
 * Level 25.9 Fighting
 - Level 8.0(10.0) Maces & Flails
 - Level 12.1(13.3) Polearms
 - Level 9.7(13.0) Staves
 - Level 9.8 Armour
 - Level 14.2 Dodging
 - Level 1.7 Stealth
 - Level 15.1 Shields
 - Level 15.5 Spellcasting
 - Level 15.7 Conjurations
 - Level 7.6 Ice Magic
 - Level 12.9 Air Magic
 - Level 7.5 Earth Magic
 O Level 27 Invocations
 - Level 20.3 Evocations


You had 29 spell levels left.
You knew the following spells:

 Your Spells              Type           Power      Damage    Failure   Level
a - Passwall              Tmut/Erth      80%        N/A       1%          2
b - Frozen Ramparts       Ice            100%       1d12      1%          3
c - Ozocubu's Armour      Ice            100%       N/A       1%          3
d - Freezing Cloud        Conj/Ice/Air   82%        6-21      1%          5
e - Iron Shot             Conj/Erth      68%        9d13      8%          6
f - Silence               Hex/Air        56%        N/A       12%         5
g - Airstrike             Air            71%        N/A       1%          4

Your spell library contained the following spells:

 Spells                   Type           Power      Damage    Failure   Level
 Magic Dart               Conj           100%       1d8       0%          1
 Freeze                   Ice            100%       1d11      1%          1
 Sandblast                Erth           100%       2d20      1%          1
 Corpse Rot               Necr/Air       N/A        N/A       1%          2
 Ensorcelled Hibernation  Hex/Ice        100%       N/A       1%          2
 Poisonous Vapours        Pois/Air       100%       N/A       1%          2
 Static Discharge         Conj/Air       100%       N/A       1%          2
 Conjure Flame            Conj/Fire      100%       6-21      1%          3
 Dazzling Flash           Conj/Hex       100%       N/A       1%          3
 Mephitic Cloud           Conj/Pois/Air  100%       N/A       1%          3
 Stone Arrow              Conj/Erth      100%       3d13      1%          3
 Swiftness                Air            100%       N/A       1%          3
 Hailstorm                Conj/Ice       100%       3d20      1%          4
 Iskenderun's Battlesphe  Conj           100%       2d15      1%          5
 Fulminant Prism          Conj/Hex       49%        3d21      2%          4
 Iskenderun's Mystic Bla  Conj/Tloc      98%        2d19      2%          4
 Sticky Flame             Conj/Fire      100%       2d11      2%          4
 Conjure Ball Lightning   Conj/Air       73%        3x3d27    2%          6
 Animate Skeleton         Necr           94%        N/A       6%          1
 Apportation              Tloc           94%        N/A       6%          1
 Beastly Appendage        Tmut           94%        N/A       6%          1
 Corona                   Hex            52%        N/A       6%          1
 Pain                     Necr           100%       1d9       6%          1
 Sting                    Tmut/Pois      100%       1d8       6%          1
 Summon Small Mammal      Summ           100%       N/A       6%          1
 Bolt of Magma            Conj/Fire/Erth 72%        4d28      7%          5
 Fireball                 Conj/Fire      60%        3d23      7%          5
 Irradiate                Conj/Tmut      49%        3d30      7%          5
 Lee's Rapid Deconstruct  Erth           59%        3d28*     8%          5
 Orb of Destruction       Conj           63%        9d17      8%          7
 Blink                    Tloc           N/A        N/A       9%          2
 Call Imp                 Summ           47%        N/A       9%          2
 Slow                     Hex            47%        N/A       9%          2
 Sublimation of Blood     Necr           23%        N/A       9%          2
 Ice Form                 Ice/Tmut       97%        N/A       12%         4
 Summon Ice Beast         Ice/Summ       97%        N/A       12%         4
 Animate Armour           Summ/Erth      100%       N/A       13%         4
 Leda's Liquefaction      Hex/Erth       48%        N/A       13%         4
 Petrify                  Tmut/Erth      96%        N/A       13%         4
 Call Canine Familiar     Summ           47%        N/A       19%         3
 Confusing Touch          Hex            47%        N/A       19%         3
 Gell's Gravitas          Tloc           23%        N/A       19%         3
 Ignite Poison            Fire/Tmut/Pois 64%        N/A       19%         3
 Inner Flame              Hex/Fire       64%        N/A       19%         3
 Lesser Beckoning         Tloc           23%        N/A       19%         3
 Portal Projectile        Hex/Tloc       94%        N/A       19%         3
 Spider Form              Tmut/Pois      23%        N/A       19%         3
 Summon Guardian Golem    Hex/Summ       47%        N/A       19%         3
 Teleport Other           Tloc           47%        N/A       19%         3
 Tukima's Dance           Hex            47%        N/A       19%         3
 Vampiric Draining        Necr           23%        2d9       19%         3
 Metabolic Englaciation   Hex/Ice        48%        N/A       34%         5
 Starburst                Conj/Fire      60%        6d16      36%         6
 Cause Fear               Hex            23%        N/A       52%         4
 Dispel Undead            Necr           47%        3d18      52%         4
 Agony                    Necr           47%        N/A       86%         5
 Blade Hands              Tmut           23%        N/A       86%         5
 Excruciating Wounds      Necr           23%        N/A       86%         5
 Manifold Assault         Tloc           47%        N/A       86%         5
 Summon Forest            Summ/Tloc      23%        N/A       86%         5
 Simulacrum               Ice/Necr       48%        N/A       88%         6
 Statue Form              Tmut/Erth      64%        N/A       89%         6
 Spellforged Servitor     Conj/Summ      49%        N/A       90%         7
 Ozocubu's Refrigeration  Ice            59%        4d16      91%         7
 Storm Form               Tmut/Air       56%        N/A       98%         7
 Lehudib's Crystal Spear  Conj/Erth      68%        10d16     98%         8
 Death Channel            Necr           23%        N/A       100%        6
 Dispersal                Tloc           23%        N/A       100%        6
 Eringya's Noxious Bog    Tmut/Pois      23%        N/A       100%        6
 Invisibility             Hex            23%        N/A       100%        6
 Shadow Creatures         Summ           N/A        N/A       100%        6
 Dragon Form              Tmut           23%        N/A       100%        7
 Malign Gateway           Summ/Tloc      23%        N/A       100%        7
 Summon Hydra             Summ           23%        N/A       100%        7
 Discord                  Hex            23%        N/A       100%        8
 Disjunction              Tloc           23%        N/A       100%        8
 Ignition                 Fire           32%        3d10      100%        8
 Infestation              Necr           23%        N/A       100%        8
 Necromutation            Tmut/Necr      23%        N/A       100%        8
 Summon Horrible Things   Summ           23%        N/A       100%        8
 Chain Lightning          Conj/Air       73%        3d98      100%        9
 Dragon's Call            Summ           23%        N/A       100%        9
 Fire Storm               Conj/Fire      60%        8d15      100%        9


Dungeon Overview and Level Annotations

Branches:
Dungeon (15/15)            Temple (0/1) D:7            Lair (6/6) D:10
  Swamp (4/4) Lair:3       Spider (4/4) Lair:4        Slime (5/5) Lair:6
    Orc (2/2) D:11            Elf (3/3) Orc:2        Vaults (5/5) D:13
  Crypt (3/3) Vaults:3       Tomb (0/3) Crypt:3      Depths (5/5) D:15
    Zot (5/5) Depths:5      Sewer (visited)          Bailey (visited)
  IceCv (visited)          WizLab (visited)

Altars:
Ashenzari
Dithmenos
Elyvilon
Fedhas
Hepliaklqana
Kikubaaqudgha
Makhleb
Nemelex Xobeh
Okawaru
Qazlal
Ru
Sif Muna
Trog
Uskayaw
Wu Jian
Xom
Yredelemnul
The Shining One
Beogh
Jiyva

Shops:
D:5 =   D:7 (   D:8 (   D:15 *   Orc:2 *=([   Vaults:3 ((*   Depths:1 :=:
Depths:5 =

Portals:
Hell: Depths:1 Depths:2 Depths:3 Depths:4 Depths:5
Abyss: Depths:1 Depths:2 Depths:3 Depths:4
Pandemonium: Depths:2 Depths:3 Depths:5

Annotations:
D:9 Consider Thermic
D:13 Take your time, get back to D:11


Innate Abilities, Weirdness & Mutations

Your life essence is reduced to manifest your ancestor. (-10% HP)
You have hooves in place of feet.
You are completely covered in large bone plates. (SH +8)
A powerful demonic guardian rushes to your aid.
You are powered by pain.
Your magical and physical power is greatly enhanced at high health.
You have supernaturally acute eyesight. (SInv)
You are somewhat resistant to further mutation.
You expend magic power (3 MP) to strengthen your wands.


Message History

The large abomination is moderately damaged.
You block the large abomination's attack.
Unknown command.
You hit the large abomination. You crush the large abomination!
The large abomination is severely damaged.
You sock the large abomination!
You electrocute the large abomination!
You destroy the large abomination!
No target in view!
No target in view!
A lorocyproca comes into view.
The lorocyproca moves out of view.
There is an escape hatch in the ceiling here.
A mysterious force pulls you upwards. The hatch slams shut behind you.
Unknown command.
Unknown command.
(D) Dungeon (T) Temple (L) Lair (S) Swamp (N) Spider Nest (M) Slime Pits (O) Orcish Mines (E) Elven Halls (V) Vaults (C) Crypt (W) Tomb (U) Depths (H) Hell (Z) Zot
Where to? (Enter - D:1, ? - help)
What level of the Dungeon? (default 1, ? - help)
There is a stone staircase leading up here.
You fly upwards.
There is a stone staircase leading down here.
Aiming: Dig
Press: ? - help, Shift-Dir - straight line This square is covered in magical glow.
You feel a surge of power!
The rock shatters into small pieces.
There is a staircase leading out of the dungeon here.
Okay, then.
Really quaff the potion of mutation?
You feel extremely strange.
You feel a little healthier.
You can once more read scrolls while threatened.
Vojtech is no longer moving quickly.
Really quaff the potion of mutation?
You feel extremely strange.
You feel healthier.
You feel stronger.
An Orb Guardian comes into view.
You have escaped!

###'###........#
#.....#........#####
#.....#.............
#.....#........#####
#.###..#########
#.#.#.## #.###.#
#...R.# #.X@..#
#.....# #######


You could see the friendly Vojtech the knight and an Orb Guardian.

Vanquished Creatures
  Tiamat (Zot:4)
  3 ancient liches
  A dread lich (Vaults:5)
  An orb of fire (Zot:4)
  Mennas (Depths:5)
  A pandemonium lord (D:15)
  Bai Suzhen (Spider:4)
  Saint Roka (Orc:2)
  A Killer Klown (Zot:5)
  3 caustic shrikes (Depths:4)
  Nikola (Swamp:2)
  2 curse toes
  the Enchantress (Depths:5)
  4 bone dragons
  9 golden dragons
  A Brimstone Fiend (Zot:5)
  14 tentacled monstrosities
  3 electric golems
  Jorgrun (D:15)
  15 Orb Guardians
  An Ice Fiend (D:15)
  Rupert (D:12)
  A shard shrike skeleton (Crypt:1)
  5 titans
  12 quicksilver dragons
  5 liches
  Asterion (Vaults:2)
  3 deep elf blademasters
  11 acid blobs
  6 ancient champions (Crypt:3)
  11 sphinxes
  5 death cobs
  Gastronok (D:12)
  14 shadow dragons
  2 tentacled starspawn (Abyss:1)
  14 storm dragons
  The ghost of Silenth the Unseen, an adept KoHu of Okawaru (Swamp:4)
  6 tengu reavers
  The ghost of Cykl0x the Fencer, an adept MiFi of the Shining One (Spider:3)
  Kirke (D:12)
  3 draconian monks (Zot:3)
  2 blood saints (Zig:8)
  3 revenants
  A thorn hunter (Abyss:3)
  Donald (Swamp:3)
  6 frost giants
  6 rockslimes
  2 azure jellies (Slime:5)
  4 draconian knights
  15 vault wardens
  4 ghost moths
  5 draconian scorchers
  7 draconian shifters
  3 iron dragons
  2 emperor scorpions (Spider:4)
  11 deep elf sorcerers
  6 fire giants
  A juggernaut zombie (Crypt:2)
  2 balrugs
  Aizul (Depths:1)
  2 orc warlords
  3 deep elf elementalists (Elf:3)
  A spectral caustic shrike (Depths:2)
  Louise (Spider:4)
  An angel (Depths:3)
  4 ghouls
  4 draconian annihilators
  2 spectral juggernauts (Depths:2)
  12 draconian stormcallers
  5 quicksilver oozes
  5 spriggan defenders
  A caustic shrike zombie (Depths:2)
  A curse skull (Crypt:3)
  9 ironbound preservers
  10 stone giants
  2 reapers
  3 war gargoyles
  2 juggernaut skeletons
  25 very ugly things
  14 green draconians
  7 black draconians
  10 vampire knights
  6 deep elf demonologists
  15 purple draconians
  3 bunyips (Swamp:2)
  3 red draconians (Zot:3)
  11 yellow draconians
  6 deep elf annihilators
  11 spark wasps
  13 white draconians
  7 dire elephants (Vaults:1)
  4 entropy weavers
  13 deep elf death magi
  A quicksilver dragon zombie (Crypt:2)
  3 eleionomae
  2 blizzard demons
  4 eidola
  2 shambling mangroves
  8 ettins
  2 spectral golden dragons (Depths:2)
  8 fire dragons
  6 rakshasas
  18 jiangshi
  A fire dragon (shapeshifter) (Depths:1)
  15 yaktaur captains
  8 deep elf high priests
  10 great orbs of eyes
  11 ice dragons
  A caustic shrike simulacrum (Depths:2)
  6 ironbound thunderhulks
  28 vault guards
  24 hydras
  6 boulder beetles
  2 spriggan air magi
  2 spectral sphinxes (Depths:2)
  2 spectral fire giants (Depths:2)
  A ghost crab (Swamp:1)
  11 centaur warriors
  6 ironbound frosthearts
  3 alligators
  3 spectral tengu (Depths:2)
  4 catoblepae
  2 ogre magi
  A satyr (shapeshifter) (Depths:2)
  3 death knights
  A satyr (Abyss:3)
  2 two-headed ogres
  The ghost of Cykl0x the Carver, a novice MiFi of the Shining One (D:8)
  2 tengu warriors
  A spriggan berserker (Depths:5)
  20 dancing weapons
  2 thrashing horrors (Abyss:1)
  2 deep troll earth magi
  2 orc high priests
  9 vampire magi
  7 death yaks (Lair:6)
  6 deep troll shamans
  A spectral storm dragon (Depths:2)
  A storm dragon zombie (Depths:2)
  8 spriggans
  Nergalle (Orc:2)
  5 ironbound beastmasters (Vaults:1)
  4 soul eaters
  18 deep elf knights
  40 skeletal warriors
  A titan skeleton (Crypt:3)
  A storm dragon skeleton (Crypt:3)
  5 hell knights
  A shadow wraith (Crypt:3)
  4 iron trolls
  A fire crab (shapeshifter) (Vaults:4)
  A salamander mystic (Depths:5)
  3 wretched stars (Abyss:1)
  A death drake (Depths:2)
  A sea snake (shapeshifter) (Depths:1)
  A shadow demon (Depths:1)
  A spark wasp zombie (Crypt:3)
  35 deep trolls
  A goliath frog (Swamp:1)
  4 swamp dragons
  4 flayed ghosts
  6 bog bodies
  A spectral iron dragon (Depths:2)
  5 spriggan druids
  6 glowing orange brains
  2 orange crystal statues (Depths:2)
  A bunyip skeleton (Crypt:2)
  8 wizards
  6 harpies
  20 ironbound convokers
  10 deep elf archers
  14 phantasmal warriors
  An anaconda skeleton (Crypt:3)
  9 necromancers
  3 lindwurms (Vaults:1)
  2 orc sorcerers
  2 frost giant zombies
  An eleionoma zombie (Crypt:3)
  29 deep elf pyromancers
  18 deep elf zephyrmancers
  4 will-o-the-wisps
  15 orc knights
  37 ugly things
  5 manticores
  3 salamanders (Depths:5)
  2 shining eyes
  22 wolf spiders
  7 spectral spriggans (Depths:2)
  5 worldbinders
  13 orb spiders
  19 moths of wrath
  2 spectral elves (Depths:2)
  2 ice statues (IceCv)
  3 elephants (Lair:3)
  A cyclops (D:15)
  20 vault sentinels
  4 eyes of devastation
  A rust devil (Depths:3)
  4 black mambas
  A guardian serpent (Depths:1)
  2 naga magi (Zig:8)
  A water nymph (Abyss:3)
  5 centaur zombies
  5 stone giant skeletons (Crypt:3)
  A gargoyle (D:13)
  15 cane toads
  2 orange demons (Abyss:1)
  2 torpor snails
  4 smoke demons
  A spriggan zombie (Depths:2)
  3 titan simulacra (Depths:2)
  A shock serpent skeleton (Crypt:3)
  9 komodo dragons
  5 rime drakes
  A tormentor (Zig:4)
  17 yaktaurs
  5 freezing wraiths
  2 kobold demonologists (D:14)
  13 demonic crawlers
  2 hellwings
  3 ice devils
  4 tengu conjurers
  A troll (shapeshifter) (Vaults:5)
  An ancient zyme (Abyss:1)
  3 meliai (D:15)
  30 jumping spiders
  5 polar bears
  4 trolls
  A harpy skeleton (Crypt:3)
  3 sphinx simulacra (Depths:2)
  9 tyrant leeches
  11 dream sheep (Lair:6)
  15 hornets
  22 blink frogs
  A wind drake (shapeshifter) (Vaults:5)
  A hydra skeleton (Crypt:3)
  57 slime creatures
  A slime creature (shapeshifter) (Depths:4)
  5 small abominations
  A ynoxinul (D:12)
  10 flying skulls
  3 centaur simulacra
  3 elf simulacra (Depths:2)
  A wyvern (D:8)
  59 redbacks
  An air elemental (Elf:1)
  12 water elementals
  27 yaks
  3 shadows
  A spriggan simulacrum (Depths:2)
  2 ettin skeletons
  10 large abominations
  8 wraiths
  3 fire elementals
  6 basilisks
  30 tarantellas
  3 neqoxecs
  A wind drake skeleton (Crypt:2)
  A golden eye (Slime:5)
  A steam dragon (D:9)
  12 vampire mosquitoes
  A redback simulacrum (D:15)
  2 wargs (Orc:2)
  An acid dragon (Zot:4)
  12 swamp worms
  17 water moccasins
  A hell hound (D:15)
  A floating eye (Depths:2)
  A floating eye (shapeshifter) (Vaults:1)
  30 orc warriors
  2 sky beasts
  5 swamp drakes
  A black bear (Lair:3)
  11 ogres
  9 centaurs
  6 wolves
  A snapping turtle skeleton (Crypt:3)
  2 kobold brigands
  2 elf zombies (Elf:1)
  11 bullfrogs
  A komodo dragon zombie (Crypt:1)
  An earth elemental (Elf:1)
  A scorpion (D:5)
  2 gnoll sergeants (D:8)
  A cyclops skeleton (Crypt:1)
  A warg zombie (Crypt:3)
  A water moccasin skeleton (D:5)
  2 lindwurm simulacra (IceCv)
  3 killer bees (D:9)
  A raiju skeleton (Crypt:1)
  3 wights (D:8)
  4 electric eels
  A polar bear skeleton (Crypt:1)
  3 howler monkeys (D:8)
  5 starcursed masses
  3 jellies
  A quasit (Abyss:1)
  A bullfrog zombie (D:5)
  2 hounds (D:8)
  2 komodo dragon simulacra (IceCv)
  17 orc priests
  A bullfrog skeleton (D:5)
  An iguana (Lair:3)
  24 orc wizards
  A human skeleton (Crypt:2)
  A killer bee zombie (D:5)
  A naga zombie (Crypt:3)
  A tengu skeleton (Crypt:2)
  A hound zombie (D:5)
  A hound skeleton (D:5)
  A howler monkey zombie (D:9)
  A howler monkey skeleton (D:4)
  13 gnolls
  3 acid dragon simulacra (IceCv)
  An adder (D:6)
  2 white imps (Abyss:1)
  An ufetubus (Abyss:1)
  7 steam dragon simulacra (IceCv)
  2 worms
  3 dart slugs
  66 orcs
  7 ball pythons
  A bat zombie (Crypt:1)
  6 endoplasms
  8 giant cockroaches
  11 goblins
  3 hobgoblins
  4 jackals
  18 kobolds
  5 quokkas
  6 frilled lizards
  2 rats (D:2)
  A plant (Depths:2)
  3 starspawn tentacles (Abyss:1)
2034 creatures vanquished.

Vanquished Creatures (collateral kills)
  the Royal Jelly (Slime:5)
  A dread lich (Zot:5)
  2 ancient liches
  2 orbs of fire (Zot:5)
  Mara (Crypt:1)
  Margery (Vaults:5)
  Frederick (Depths:4)
  the Lernaean hydra (Swamp:4)
  A Killer Klown (Zot:5)
  Xtahua (Depths:3)
  A curse toe (Zot:5)
  8 golden dragons
  The ghost of Esecs the Devastator, a veteran GrEE of Lugonu (Crypt:3)
  Arachne (Spider:2)
  3 bone dragons
  3 electric golems
  9 Orb Guardians
  A lich (Crypt:3)
  3 quicksilver dragons
  2 deep elf master archers (Elf:3)
  8 tentacled monstrosities
  A deep elf blademaster (Abyss:3)
  The ghost of Tuny the Imperceptible, an adept SpEn of Gozag (Elf:1)
  5 acid blobs
  2 death cobs
  2 tentacled starspawn (Abyss:1)
  An eldritch tentacle (D:15)
  An Executioner (D:3)
  A shadow dragon (Zot:1)
  Agnes (D:15)
  3 draconian monks
  8 storm dragons
  Roxanne (Swamp:2)
  3 azure jellies (Slime:5)
  2 rockslimes (Slime:5)
  2 frost giants
  A deep elf sorcerer (Depths:4)
  2 iron dragons
  4 fire giants
  4 vault wardens
  A draconian knight (Zig:7)
  A draconian scorcher (Zot:5)
  A draconian shifter (Zot:1)
  An orc warlord (Vaults:3)
  A ghost moth (Vaults:3)
  A draconian annihilator (Depths:5)
  2 spriggan defenders
  2 draconian stormcallers
  An emperor scorpion (Zig:6)
  5 quicksilver oozes (Slime:5)
  3 ghouls
  A war gargoyle (Depths:2)
  5 very ugly things
  3 vampire knights
  A blood saint (Zig:8)
  6 green draconians
  A juggernaut skeleton (Depths:2)
  6 ironbound preservers
  3 black draconians
  2 white draconians
  4 yellow draconians
  Azrael (D:14)
  3 purple draconians
  An entropy weaver (Zig:6)
  3 deep elf annihilators
  3 red draconians
  3 spark wasps
  An orange crystal statue (WizLab)
  2 bunyips
  3 deep elf death magi
  An eleionoma (Swamp:3)
  2 blizzard demons
  2 eidola
  An ettin (Depths:2)
  4 jiangshi
  A yaktaur captain (Depths:5)
  4 fire dragons
  A spectral golden dragon (Depths:2)
  A deep elf high priest (Vaults:3)
  A shambling mangrove (Abyss:3)
  14 vault guards
  2 rakshasas
  7 hydras
  3 ice dragons
  A boulder beetle (Spider:3)
  2 catoblepae
  2 ghost crabs
  A spriggan air mage (Depths:3)
  A hell beast (Depths:3)
  5 centaur warriors
  2 two-headed ogres
  2 caustic shrike simulacra (Depths:2)
  Erica (D:11)
  A spectral stone giant (Depths:2)
  7 dancing weapons
  A spectral frost giant (Depths:2)
  A deep troll shaman (Depths:5)
  A tengu warrior (D:15)
  2 spectral fire giants (Depths:2)
  4 death yaks (Lair:6)
  An alligator (Swamp:1)
  4 vampire magi
  A spectral storm dragon (Depths:2)
  6 deep elf knights
  7 hell knights
  2 iron trolls
  A wretched star (Abyss:1)
  3 soul eaters
  6 skeletal warriors
  3 glowing orange brains
  2 starcursed masses
  2 spriggan druids (Swamp:3)
  A gelid demonspawn (Depths:5)
  A death drake (Depths:2)
  13 swamp dragons
  13 deep trolls
  2 deep elf archers (Elf:1)
  3 bog bodies
  2 orc knights
  A ghost moth zombie (Crypt:3)
  A golden dragon skeleton (Crypt:3)
  4 phantasmal warriors
  An iron giant skeleton (Crypt:2)
  2 anaconda skeletons (Crypt:3)
  4 ironbound convokers
  6 deep elf zephyrmancers
  4 deep elf pyromancers
  An orc sorcerer (Orc:1)
  A harpy (Vaults:2)
  2 frost giant zombies (Crypt:2)
  6 wolf spiders
  7 orb spiders
  13 ugly things
  2 elephants (Lair:3)
  4 cyclopes
  A salamander (Depths:5)
  2 manticores
  2 moths of wrath
  A black mamba (Lair:6)
  7 vault sentinels
  A centaur zombie (D:10)
  A titan simulacrum (Depths:2)
  4 cane toads
  3 eyes of devastation
  A smoke demon (Abyss:1)
  A fire giant skeleton (Crypt:2)
  A gargoyle (D:12)
  2 yaktaurs
  An orange demon (D:15)
  3 rime drakes
  A kobold demonologist (D:14)
  A komodo dragon (Lair:5)
  A spectral human (Depths:2)
  2 freezing wraiths
  6 demonic crawlers
  A red devil (Zig:4)
  13 jumping spiders
  2 trolls
  6 hornets
  A polar bear (Lair:6)
  A large abomination (Abyss:1)
  12 slime creatures
  A tyrant leech (Swamp:2)
  2 blink frogs
  2 dream sheep (Lair:6)
  3 spriggans
  3 flying skulls
  A black mamba zombie (Crypt:3)
  19 redbacks
  A spriggan simulacrum (Depths:2)
  4 wraiths
  A wyvern (Lair:3)
  A hog (D:12)
  14 yaks
  A fire elemental (D:15)
  5 vampire mosquitoes
  3 swamp worms
  An acid dragon (Zot:4)
  A water moccasin (Lair:4)
  A cane toad skeleton (Crypt:3)
  22 orc warriors
  2 swamp drakes (Swamp:4)
  4 wolves
  An ogre (D:5)
  A necrophage (Crypt:2)
  A centaur (D:14)
  A phantom (D:7)
  A rime drake zombie (Crypt:3)
  2 elf zombies (Elf:1)
  A kobold brigand (D:7)
  An earth elemental (Elf:1)
  A small abomination (Abyss:1)
  2 scorpions
  2 bullfrogs
  2 gnoll sergeants (D:8)
  5 killer bees (D:9)
  13 wights
  2 electric eels
  A troll skeleton (Crypt:3)
  2 komodo dragon simulacra (IceCv)
  A centaur skeleton (D:5)
  9 orc priests
  3 hounds
  A quasit (Abyss:1)
  A demonspawn skeleton (Crypt:3)
  A gnoll shaman (D:8)
  A jelly (D:5)
  An iguana (Lair:3)
  Terence (D:2)
  9 orc wizards
  A scorpion zombie (D:4)
  A human simulacrum (Crypt:2)
  A howler monkey zombie (D:5)
  An acid dragon simulacrum (IceCv)
  10 gnolls
  6 adders
  2 shadow imps
  An ufetubus (Abyss:1)
  4 steam dragon simulacra (IceCv)
  An adder skeleton (Crypt:2)
  A worm (D:5)
  28 orcs
  A ball python (D:1)
  4 giant cockroaches
  8 hobgoblins
  3 jackals
  3 quokkas
  A bat (D:3)
  3 frilled lizards
  5 goblins
  17 kobolds
  A river rat skeleton (Crypt:2)
  A starspawn tentacle (Abyss:1)
719 creatures vanquished.

Vanquished Creatures (others)
  A nagaraja (Zig:8)
  A ghost moth (Zot:5)
  A fire dragon (Zot:4)
  A yaktaur captain (Vaults:1)
  2 wizards
  2 yaktaurs
  A bloated husk (Swamp:1)
  A fire elemental (D:15)
  A human (D:12)
  A swamp worm (Swamp:1)
  An iguana (Lair:3)
  A small abomination (Abyss:1)
  33 knights
  An ancestor (D:1)
  8 foxfires
  23 fungi
  48 plants
  6 starspawn tentacles (Abyss:1)
133 creatures vanquished.

Grand Total: 2886 creatures vanquished

Notes
Turn   | Place    | Note
-------+----------+-------------------------------------------
     0 | D:1      | Amplified the Demonspawn Ice Elementalist began the quest
                  | for the Orb.
     0 | D:1      | Reached XP level 1. HP: 13/13 MP: 3/3
    25 | D:1      | Found a faded altar of an unknown god.
    60 | D:1      | Became a worshipper of Hepliaklqana the Forgotten
    60 | D:1      | Reached * piety under Hepliaklqana
   404 | D:1      | Gained mutation: You are partially covered in large bone
                  | plates. (SH +4) [demonic ancestry]
   404 | D:1      | Reached XP level 2. HP: 16/18 MP: 3/5
   589 | D:1      | Reached skill level 1 in Fighting
  1251 | D:2      | Reached XP level 3. HP: 22/23 MP: 3/6
  1827 | D:2      | Learned a level 3 spell: Frozen Ramparts
  1912 | D:2      | Reached ** piety under Hepliaklqana
  1971 | D:2      | Remembered your ancestor Vojtech as a knight
  1973 | D:2      | Noticed Terence
  2018 | D:2      | Killed Terence
  2019 | D:2      | Reached skill level 1 in Polearms
  2019 | D:2      | Reached XP level 4. HP: 14/29 MP: 8/8
  2765 | D:3      | Found a burning altar of Makhleb.
  3434 | D:4      | Gained mutation: You have large cloven feet. [demonic
                  | ancestry]
  3434 | D:4      | Reached XP level 5. HP: 34/35 MP: 9/9
  3543 | D:4      | Reached *** piety under Hepliaklqana
  3776 | D:4      | Found Rigil's Antique Weapon Shop.
  3784 | D:4      | Gained mutation: You are mostly covered in large bone
                  | plates. (SH +6) [demonic ancestry]
  3784 | D:4      | Reached XP level 6. HP: 41/41 MP: 11/11
  4711 | D:5      | Entered Level 5 of the Dungeon
  4848 | D:5      | Reached skill level 5 in Ice Magic
  4848 | D:5      | Reached XP level 7. HP: 46/46 MP: 12/12
  4900 | D:5      | Found a glowing drain.
  4920 | Sewer    | Entered a sewer
  5506 | D:5      | Found a stormy altar of Qazlal.
  5527 | D:5      | Found Xigatt's Jewellery Shop.
  5611 | D:5      | Found a bloodstained altar of Trog.
  5767 | D:5      | Found a basalt altar of Yredelemnul.
  5806 | D:5      | Reached XP level 8. HP: 50/54 MP: 13/15
  5901 | D:5      | Learned a level 3 spell: Ozocubu's Armour
  6051 | D:6      | Found a sparkling altar of Nemelex Xobeh.
  6116 | D:6      | Reached skill level 5 in Spellcasting
  6117 | D:6      | Found an iron altar of Okawaru.
  6166 | D:6      | Reached **** piety under Hepliaklqana
  6375 | D:6      | Reached skill level 5 in Fighting
  6452 | D:6      | Found a shimmering blue altar of Sif Muna.
  6515 | D:6      | Found a shadowy altar of Dithmenos.
  6516 | D:6      | Found a hazy altar of Hepliaklqana.
  6620 | D:7      | Found a staircase to the Ecumenical Temple.
  6726 | D:7      | Found Beurupn's Antique Weapon Boutique.
  6748 | D:7      | Bought a glowing halberd for 161 gold pieces
  7121 | D:7      | Reached skill level 5 in Polearms
  7121 | D:7      | Gained mutation: You have hoof-like feet. [demonic
                  | ancestry]
  7121 | D:7      | Reached XP level 9. HP: 43/62 MP: 17/17
  7348 | D:8      | Noticed Cykl0x's ghost (novice MiFi)
  7356 | D:8      | Found a flagged portal.
  7464 | D:8      | Reached skill level 1 in Invocations
  7473 | D:8      | Reached skill level 2 in Invocations
  7511 | D:8      | Identified a scroll of acquirement
  7545 | D:8      | Found a runed translucent gate.
  7545 | D:8      | Found a runed translucent gate.
  7545 | D:8      | Found a runed translucent gate.
  7559 | D:8      | Found a large runed translucent door.
  7559 | D:8      | Found a large runed translucent door.
  7584 | D:8      | Reached skill level 3 in Invocations
  7606 | D:8      | Reached skill level 4 in Invocations
  7737 | Bailey   | Entered a bailey
  7878 | Bailey   | Reached skill level 5 in Invocations
  7960 | Bailey   | Reached ***** piety under Hepliaklqana
  8190 | Bailey   | Gained mutation: You have hooves in place of feet. [demonic
                  | ancestry]
  8190 | Bailey   | Reached XP level 10. HP: 71/71 MP: 19/19
  8304 | D:8      | Acquired 483 gold pieces
  8524 | D:8      | Reached skill level 6 in Invocations
  8672 | D:8      | Found Xathalec's Antique Weapon Emporium.
  9026 | D:8      | Found a broken altar of Ashenzari.
  9031 | D:8      | Found a blossoming altar of Fedhas.
  9187 | D:9      | Found a hide-covered altar of Uskayaw.
  9563 | D:9      | Reached skill level 7 in Invocations
 10201 | D:9      | Identified the +8 dagger of Truncation {vorpal, rF+ rC-
                  | Dex+3}
 10328 | D:5      | Bought a +4 ring of slaying for 936 gold pieces
 10443 | D:10     | Entered Level 10 of the Dungeon
 10470 | D:10     | Noticed a seven-headed hydra
 10478 | D:10     | Killed a seven-headed hydra
 10479 | D:10     | Reached skill level 8 in Invocations
 10998 | D:10     | Identified the +0 cloak of the Moon {Int+4 Dex+6 Stlth+}
 11049 | D:10     | Found a staircase to the Lair.
 11424 | D:11     | Noticed Erica
 11478 | D:11     | Gained mutation: You are completely covered in large bone
                  | plates. (SH +8) [demonic ancestry]
 11478 | D:11     | Reached XP level 11. HP: 47/80 MP: 20/20
 11495 | D:11     | Reached skill level 9 in Invocations
 11537 | D:11     | Found a staircase to the Orcish Mines.
 11674 | D:11     | Noticed a boulder beetle
 11691 | D:11     | Noticed a centaur warrior
 11698 | D:11     | Noticed a purple ugly thing
 11700 | D:11     | Noticed a two-headed ogre
 11700 | D:11     | Noticed a two-headed ogre
 11854 | D:11     | Noticed a seven-headed hydra
 11865 | D:11     | Killed a seven-headed hydra
 11873 | D:11     | Killed a purple ugly thing
 11881 | D:11     | Identified the +4 plate armour of Catatonia {MP+9}
 11911 | D:11     | Reached skill level 10 in Invocations
 11921 | D:11     | Found a frozen archway.
 11934 | D:11     | Killed a two-headed ogre
 11940 | IceCv    | Entered an ice cave
 12102 | IceCv    | Reached skill level 10 in Fighting
 13096 | IceCv    | Noticed an ice dragon
 13136 | IceCv    | Killed an ice dragon
 13160 | IceCv    | Reached skill level 11 in Invocations
 13499 | D:11     | Killed a boulder beetle
 13547 | D:11     | Noticed a boulder beetle
 13552 | D:11     | a boulder beetle changed into a moth of wrath
 13689 | D:12     | Noticed a boulder beetle
 13691 | D:12     | Noticed a centaur warrior
 13707 | D:12     | Noticed a boulder beetle
 13708 | D:12     | Killed a boulder beetle
 13709 | D:12     | Gained mutation: You sometimes gain a little power by
                  | taking damage. [demonic ancestry]
 13709 | D:12     | Reached XP level 12. HP: 37/89 MP: 21/21
 14087 | D:13     | Reached skill level 10 in Polearms
 14147 | D:14     | Noticed a centaur warrior
 14388 | D:12     | Killed a boulder beetle
 14663 | D:12     | Killed a centaur warrior
 14664 | D:12     | Reached skill level 12 in Invocations
 14780 | D:12     | Noticed Rupert
 14913 | Lair:1   | Entered Level 1 of the Lair of Beasts
 14930 | Lair:1   | Reached skill level 1 in Armour
 15114 | Lair:1   | Noticed an eight-headed hydra
 15123 | Lair:1   | Killed an eight-headed hydra
 15359 | Lair:1   | You fall into a shaft and drop 1 floor!
 15598 | Lair:1   | Noticed an eight-headed hydra
 15612 | Lair:1   | Killed an eight-headed hydra
 15626 | Lair:1   | Noticed a seven-headed hydra
 15629 | Lair:1   | Noticed a four-headed hydra
 15833 | D:11     | Killed Erica
 16112 | D:11     | Noticed a seven-headed hydra
 16369 | D:12     | Noticed a two-headed ogre
 16381 | D:12     | Killed a two-headed ogre
 16503 | Orc:1    | Entered Level 1 of the Orcish Mines
 16534 | Orc:1    | Gained mutation: A weak demonic guardian rushes to your
                  | aid. [demonic ancestry]
 16534 | Orc:1    | Reached XP level 13. HP: 96/96 MP: 22/22
 17211 | Orc:1    | Paralysed by an orc sorcerer for 4 turns
 17525 | Orc:2    | Entered Level 2 of the Orcish Mines
 17597 | D:11     | Reached skill level 5 in Dodging
 18293 | Lair:2   | Found a hide-covered altar of Uskayaw.
 18347 | Lair:2   | Reached ****** piety under Hepliaklqana
 18483 | Lair:2   | Reached skill level 5 in Armour
 19197 | Lair:2   | Found an ornate altar of the Wu Jian Council.
 19743 | Lair:3   | Found the macabre finger necklace {rN+}
 19996 | Lair:3   | Found a staircase to the Swamp.
 20881 | Lair:4   | Found a hole to the Spider Nest.
 22032 | Lair:5   | Reached XP level 14. HP: 94/104 MP: 23/23
 22973 | Lair:6   | Entered Level 6 of the Lair of Beasts
 23086 | Lair:6   | Acquired the +3 Elemental Staff {rElec rF++ rC++ Will++
                  | AC+5}
 23086 | Lair:6   | Found the +3 Elemental Staff {rElec rF++ rC++ Will++ AC+5}
 23120 | Lair:6   | Reached skill level 1 in Evocations
 23148 | Lair:6   | Reached skill level 1 in Staves
 23936 | Lair:6   | Reached skill level 1 in Shields
 25184 | Orc:2    | Found a staircase to the Elven Halls.
 25280 | Orc:2    | Learned a level 5 spell: Freezing Cloud
 25409 | Orc:2    | Noticed Nergalle
 25419 | Orc:2    | Killed Nergalle
 25455 | Orc:2    | Reached skill level 1 in Conjurations
 25455 | Orc:2    | Reached skill level 1 in Air Magic
 25549 | Orc:2    | Reached XP level 15. HP: 61/112 MP: 25/25
 25845 | Orc:2    | Noticed Saint Roka
 26257 | D:12     | Noticed Gastronok
 26315 | D:12     | Noticed Kirke
 26326 | D:12     | Killed Kirke
 26588 | D:12     | Killed Gastronok
 27587 | D:13     | Reached skill level 5 in Staves
 27816 | D:13     | Found a gate to the Vaults.
 28147 | D:14     | Reached skill level 5 in Evocations
 28169 | D:14     | Found a broken altar of Ashenzari.
 28305 | D:14     | Identified the +9 war axe "Dinol" {vamp, rElec rN+}
 28567 | D:14     | Found a hazy altar of Hepliaklqana.
 28776 | D:15     | Entered Level 15 of the Dungeon
 29018 | D:15     | Noticed Azrael
 29040 | D:14     | Killed Azrael
 29041 | D:14     | Reached skill level 5 in Shields
 29781 | D:15     | Noticed Agnes
 29792 | D:15     | Killed Agnes
 29793 | D:15     | Reached skill level 5 in Conjurations
 29912 | D:15     | Noticed Jorgrun
 29926 | D:15     | Killed Jorgrun
 30244 | D:15     | Found Weka's General Store.
 30387 | D:15     | Found a staircase to the Depths.
 30594 | D:15     | Reached skill level 5 in Air Magic
 31048 | Orc:2    | Killed Saint Roka
 31049 | Orc:2    | Reached XP level 16. HP: 51/118 MP: 26/26
 31499 | Orc:2    | Found Emyemubu's Antique Armour Boutique.
 31508 | Orc:2    | Found Ydosiuff's Antique Weapon Boutique.
 31518 | Orc:2    | Found Bumunipe's General Store.
 31526 | Orc:2    | Bought a scroll of blinking for 127 gold pieces
 31526 | Orc:2    | Bought a potion of curing for 51 gold pieces
 31526 | Orc:2    | Bought a wand of digging (8) for 408 gold pieces
 31575 | Orc:2    | Bought a shiny helmet for 172 gold pieces
 31733 | Orc:2    | Found Estosid's Jewellery Boutique.
 31740 | Orc:2    | Bought the ring of Truth {Fly rPois rN+ rCorr Str-2} for
                  | 485 gold pieces
 31956 | Orc:2    | Bought a jewelled leather armour for 161 gold pieces
 31956 | Orc:2    | Identified the +0 leather armour of Moral Flaws {rElec
                  | rPois rN+ Will+} (You bought it in a shop on level 2 of the
                  | Orcish Mines)
 31997 | Elf:1    | Entered Level 1 of the Elven Halls
 32263 | Elf:1    | Found a runed translucent door.
 32263 | Elf:1    | Found a shimmering altar of Xom.
 32263 | Elf:1    | Noticed Tuny's ghost (adept SpEn)
 33442 | Elf:1    | Paralysed by an air elemental for 1 turns
 33915 | Elf:1    | Got the Volume of Dark Magic
 35730 | Elf:2    | Gained mutation: Your magical and physical power is
                  | slightly enhanced at high health. [demonic ancestry]
 35730 | Elf:2    | Reached XP level 17. HP: 100/126 MP: 27/27
 35919 | Elf:2    | Found a runed translucent gate.
 35923 | Elf:2    | Found a runed translucent gate.
 35923 | Elf:2    | Found a runed translucent gate.
 36311 | Elf:3    | Entered Level 3 of the Elven Halls
 36492 | Elf:3    | Found a flickering gateway to a bazaar.
 36535 | Bazaar   | Entered a bazaar
 36535 | Bazaar   | Found Icinan's Magic Scroll Shoppe.
 36535 | Bazaar   | Found Xacaow's Armour Emporium.
 36535 | Bazaar   | Found Ymoudoe's Armour Emporium.
 36683 | Bazaar   | Bought a scroll of acquirement for 572 gold pieces
 36683 | Bazaar   | Bought a scroll of magic mapping for 38 gold pieces
 36683 | Bazaar   | Bought a scroll of teleportation for 33 gold pieces
 36683 | Bazaar   | Bought a scroll of fear for 38 gold pieces
 36683 | Bazaar   | Bought a scroll of enchant armour for 82 gold pieces
 36683 | Bazaar   | Bought a scroll of enchant armour for 82 gold pieces
 36704 | Elf:3    | Acquired the ring "Sesorph" {rC+ EV+4 Slay+2}
 36706 | Elf:3    | Acquired 621 gold pieces
 37044 | Elf:3    | Identified the +4 hand crossbow of Syl Xiz {vorpal,
                  | *Corrode rPois rN+++ Str-3}
 37554 | Lair:6   | Found a staircase to the Slime Pits.
 37555 | Lair:6   | Found a viscous altar of Jiyva.
 38478 | D:12     | Killed Rupert
 38623 | D:8      | Killed Cykl0x's ghost
 38775 | Spider:1 | Entered Level 1 of the Spider Nest
 39542 | Spider:2 | Noticed Arachne
 39557 | Spider:2 | Killed Arachne
 39558 | Spider:2 | Reached skill level 15 in Fighting
 40893 | Spider:3 | Found a hide-covered altar of Uskayaw.
 41609 | Spider:3 | Noticed Cykl0x's ghost (adept MiFi)
 41611 | Spider:3 | Found a runed translucent gate.
 41618 | Spider:3 | Found a runed translucent gate.
 41619 | Spider:3 | Found a runed translucent gate.
 41635 | Spider:3 | Reached XP level 18. HP: 123/134 MP: 24/28
 41652 | Spider:3 | Killed Cykl0x's ghost
 41768 | Spider:4 | Entered Level 4 of the Spider Nest
 41908 | Spider:4 | Noticed Bai Suzhen
 41954 | Spider:4 | Killed Bai Suzhen
 42008 | Spider:4 | Reached skill level 10 in Shields
 42374 | Spider:4 | Noticed Louise
 42397 | Spider:4 | Killed Louise
 43222 | Spider:4 | Got a gossamer rune of Zot
 43547 | Swamp:1  | Entered Level 1 of the Swamp
 44020 | Swamp:1  | You are sucked into a shaft and drop 1 floor!
 44270 | Swamp:2  | Identified Roxanne's Grimoire of Transformation
 44270 | Swamp:2  | Noticed Roxanne
 44529 | Swamp:2  | Noticed Nikola
 44543 | Swamp:2  | You are sucked into a shaft and drop 1 floor!
 44586 | Swamp:3  | You are sucked into a shaft and drop 1 floor!
 44586 | Swamp:4  | Entered Level 4 of the Swamp
 44855 | Swamp:4  | Noticed the 27-headed Lernaean hydra
 44861 | Swamp:4  | Reached XP level 19. HP: 101/140 MP: 25/29
 44946 | Swamp:4  | Got a decaying rune of Zot
 45193 | Swamp:4  | Killed the 26-headed Lernaean hydra
 45488 | Swamp:4  | Found a runed translucent door.
 45489 | Swamp:4  | Noticed Silenth's ghost (adept KoHu)
 46080 | Swamp:4  | Killed Silenth's ghost
 46092 | Swamp:3  | Noticed Donald
 46107 | Swamp:3  | Killed Donald
 47312 | Swamp:2  | Killed Nikola
 47453 | Swamp:2  | Killed Roxanne
 48367 | Vaults:1 | Entered Level 1 of the Vaults
 49514 | Vaults:1 | Identified the +9 shortbow "Ogreslayer" {venom, rN+}
 50717 | Vaults:1 | Gained mutation: You sometimes gain power by taking damage.
                  | [demonic ancestry]
 50717 | Vaults:1 | Reached XP level 20. HP: 105/151 MP: 30/30
 50747 | Vaults:1 | Reached skill level 15 in Shields
 51964 | Vaults:2 | Found a portal to a secret trove of treasure.
 52255 | D:8      | Bought the +2 Maxwell's thermic engine {flame, freeze} for
                  | 1320 gold pieces
 52255 | D:8      | Found the +2 Maxwell's thermic engine {flame, freeze}
 52407 | Vaults:2 | You paid a toll of Maxwell's thermic engine to enter a
                  | treasure trove
 52408 | Trove    | Entered a treasure trove
 52410 | Trove    | Identified the amulet of Ludavilo {RegenMP Int+4}
 52412 | Trove    | Identified the ring "Gouxi" {Ice Str+4 Dex+8}
 52425 | Trove    | Identified the amulet "Dupreg" {Faith rPois}
 52431 | Trove    | Identified the amulet "Nuemarph" {Spirit Fragile rF+++ rC-
                  | MP+9}
 52436 | Trove    | Identified the ring "Istraid" {Ice rPois rN+}
 52446 | Trove    | Identified the amulet of Orthodoxy {*Slow rF+ Regen+ Dex+3
                  | Stlth+}
 53184 | Vaults:2 | Noticed Asterion
 53196 | Vaults:2 | Killed Asterion
 53805 | Vaults:3 | Found Feeroduz's Assorted Antiques.
 53812 | Vaults:3 | Bought a potion of heal wounds for 130 gold pieces
 53932 | Vaults:3 | Found Kulumor's Antique Weapon Boutique.
 53933 | Vaults:3 | Found Hyllyst's Weapon Shoppe.
 54330 | Vaults:3 | Reached skill level 10 in Evocations
 55686 | Elf:3    | Gained mutation: Your magical and physical power is
                  | enhanced at high health. [demonic ancestry]
 55686 | Elf:3    | Reached XP level 21. HP: 134/160 MP: 18/34
 56266 | Elf:3    | Reached skill level 10 in Spellcasting
 56297 | Elf:3    | Identified the amulet of Pefoaqy {Acrobat rElec rN+ Int+3}
 56634 | Elf:3    | Got the Almanac of Unstable Lightness
 56662 | Elf:3    | Identified the +7 triple crossbow "Killer Klown's Regret"
                  | {freeze, Fragile rPois Int+3}
 56675 | Elf:3    | Got Sif Muna's Almanac of Dusty Evil
 56689 | Elf:3    | Identified the +11 trident of Cheibriados's Envy {drain,
                  | *Noise rF++ rN+++ Stlth-}
 56707 | Elf:3    | Identified the +4 hunting sling "Heur" {flame, rF+}
 58281 | Vaults:3 | Found a staircase to the Crypt.
 58291 | Crypt:1  | Entered Level 1 of the Crypt
 58527 | Crypt:2  | Noticed Mara
 58534 | Crypt:1  | Noticed Amplified's illusion
 58545 | Crypt:1  | Noticed Amplified's illusion
 58546 | Crypt:1  | Killed Mara
 58675 | Crypt:2  | Found a magical portal.
 58699 | WizLab   | Entered Wucad Mu's Monastery
 58842 | WizLab   | Found the +9 staff of Wucad Mu {*channel}
 58895 | WizLab   | Reached skill level 10 in Dodging
 58895 | WizLab   | Gained mutation: You are powered by pain. [demonic
                  | ancestry]
 58895 | WizLab   | Reached XP level 22. HP: 85/169 MP: 36/36
 59333 | Crypt:3  | Entered Level 3 of the Crypt
 60123 | Crypt:3  | Found a staircase to the Tomb.
 60163 | Crypt:3  | Gained mutation: Your magical and physical power is greatly
                  | enhanced at high health. [demonic ancestry]
 60163 | Crypt:3  | Reached XP level 23. HP: 152/172 MP: 35/37
 60539 | Crypt:3  | Identified the +1 ring mail of Agoraphobia {rCorr MP-9
                  | Str+5 Dex+4}
 60659 | Crypt:3  | Found a runed translucent gate.
 60663 | Crypt:3  | Found a runed translucent gate.
 60665 | Crypt:3  | Found a runed translucent gate.
 60666 | Crypt:3  | Noticed Esecs's ghost (veteran GrEE)
 61302 | Crypt:3  | Found an ancient bone altar of Kikubaaqudgha.
 61621 | Crypt:3  | Noticed an ancient lich
 61637 | Crypt:3  | Killed an ancient lich
 61678 | Crypt:3  | Identified the +9 dagger "Ypnanie" {flame, Drain rN+ rCorr}
 61691 | Crypt:3  | Identified the +6 scale mail of Undesirable Species {rC+
                  | rN+ Regen+ Int+5}
 61788 | Crypt:3  | Killed Esecs's ghost
 61804 | Crypt:3  | Identified the +4 rapier "Zyukeubo" {freeze, rN+ Str+2}
 62314 | Crypt:3  | Identified the ring of Zuwoun {Str+4 SInv}
 63571 | Vaults:3 | Reached XP level 24. HP: 158/185 MP: 37/37
 63926 | Vaults:3 | Learned a level 2 spell: Passwall
 64382 | Vaults:4 | Reached skill level 15 in Evocations
 64435 | Vaults:4 | Identified the +0 plate armour of Ogann {Str+7}
 65224 | Depths:1 | Entered Level 1 of the Depths
 65224 | Depths:1 | Found a one-way gate to the infinite horrors of the Abyss.
 65225 | Depths:1 | Found Eticaecka's Book Boutique.
 65225 | Depths:1 | Found Zuleuq's Jewellery Shoppe.
 65233 | Depths:1 | Found Vatink's Book Boutique.
 65322 | Depths:1 | Noticed Aizul
 65331 | Depths:1 | Killed Aizul
 65451 | Depths:1 | Found a gateway to Hell.
 65498 | Depths:1 | Found a gateway to a ziggurat.
 66154 | Depths:2 | Reached skill level 1 in Earth Magic
 66268 | Depths:2 | Learned a level 6 spell: Iron Shot
 66375 | Depths:2 | Reached skill level 10 in Conjurations
 66443 | Depths:2 | Noticed an ancient lich
 66457 | Depths:2 | Killed an ancient lich
 66458 | Depths:2 | Gained mutation: A demonic guardian rushes to your aid.
                  | [demonic ancestry]
 66458 | Depths:2 | Reached XP level 25. HP: 141/193 MP: 38/38
 66596 | Depths:2 | Found a one-way gate leading to the halls of Pandemonium.
 66606 | Depths:2 | Identified the +1 leather armour of Banolir {Will+ Regen+
                  | Str+4 Int-5}
 66609 | Depths:2 | Identified the ring of Yhyhyurr {rElec rPois rCorr}
 66974 | Depths:2 | Identified the ring of Qype {rC- rN+ Str+6 Int+5 SInv}
 67121 | Depths:2 | Identified the +0 chain mail of Xom's Favour {rPois rF+
                  | rCorr MP+9}
 67594 | Depths:3 | Noticed Xtahua
 67602 | Depths:3 | Killed Xtahua
 67617 | Depths:3 | Reached skill level 5 in Earth Magic
 68379 | Depths:4 | Noticed Frederick
 68388 | Depths:4 | Killed Frederick
 69305 | Depths:4 | Found a sacrificial altar of Ru.
 69546 | Depths:5 | Entered Level 5 of the Depths
 69632 | Depths:5 | Noticed the Enchantress
 69647 | Depths:5 | Killed the Enchantress
 69648 | Depths:5 | Reached XP level 26. HP: 151/202 MP: 39/39
 69897 | Depths:5 | Found Hacynid's Jewellery Shop.
 69939 | Depths:5 | Found a hide-covered altar of Uskayaw.
 70108 | Depths:5 | Found a gate to the Realm of Zot.
 70247 | Depths:5 | Noticed Mennas
 70257 | Depths:5 | Killed Mennas
 70481 | Depths:4 | Voluntarily entered the Abyss.
 70483 | Abyss:1  | Identified the +2 helmet "Vaqak" {Str+4 SInv Stlth+}
 70944 | Abyss:1  | Paralysed by accursed screaming for 1 turns
 71094 | Abyss:3  | Identified the amulet "Jophup" {Rampage Will+ Regen+ Int-2
                  | Dex+5}
 71209 | Abyss:3  | Got an abyssal rune of Zot
 71242 | Depths:4 | Escaped the Abyss
 71686 | Vaults:4 | Learned a level 5 spell: Silence
 71687 | Vaults:5 | Entered Level 5 of the Vaults
 71688 | Vaults:5 | Noticed a dread lich
 71719 | Vaults:5 | Killed a dread lich
 71737 | Vaults:5 | Reached skill level 10 in Air Magic
 71991 | Vaults:5 | Identified the +4 war axe "Spiderslayer" {antimagic, rF+++
                  | Int+2 Dex-2}
 72112 | Vaults:5 | Gained mutation: A powerful demonic guardian rushes to your
                  | aid. [demonic ancestry]
 72112 | Vaults:5 | Reached XP level 27. HP: 209/209 MP: 37/40
 72126 | Vaults:5 | Identified the +2 helmet "Xeofe Emuti" {Str+2}
 72221 | Vaults:5 | Identified the +3 quarterstaff "Biziabluvi" {speed, +Rage
                  | Dex+5}
 72283 | Vaults:5 | Got a silver rune of Zot
 72287 | Vaults:5 | Identified the amulet of Elotzuci {Regen+ Stlth+}
 72462 | Vaults:5 | Noticed Margery
 72474 | Vaults:5 | Killed Margery
 72488 | Vaults:5 | Identified the +3 short sword of Checks and Balances {vamp,
                  | Int+5 Dex+6}
 72568 | Vaults:5 | Identified the +5 spear "Liodidwi" {protect, Will+ MP-9
                  | Str+2 Int+5}
 72749 | Vaults:5 | Identified the +0 ring mail of the Skies Above {rC+ rN+
                  | Will+}
 73769 | Slime:1  | Entered Level 1 of the Pits of Slime
 74217 | Slime:5  | Entered Level 5 of the Pits of Slime
 74416 | Slime:5  | Found a viscous altar of Jiyva.
 74417 | Slime:5  | Noticed the Royal Jelly
 74457 | Slime:5  | Killed the Royal Jelly
 74473 | Slime:5  | Identified the amulet "Pofybbe" {RegenMP Int+5}
 74506 | Slime:5  | Identified the +5 flail of the People {protect, rN+ SInv}
 74507 | Slime:5  | Identified the +1 chain mail of Folihyon {+Inv Dex+3}
 74524 | Slime:5  | Got a slimy rune of Zot
 74960 | Elf:1    | Killed Tuny's ghost
 75285 | Zig:1    | Entered Level 1 of a ziggurat
 75303 | Zig:2    | Entered Level 2 of a ziggurat
 75315 | Zig:2    | Reached skill level 15 in Conjurations
 75321 | Zig:3    | Entered Level 3 of a ziggurat
 75328 | Zig:3    | Gained mutation: You sometimes lose the ability to read
                  | scrolls when taking damage. [a shining eye]
 75342 | Zig:4    | Entered Level 4 of a ziggurat
 75410 | Zig:4    | Identified the +1 pair of boots "Loyxou" {Will+ Str+4 Int+2
                  | Dex-5}
 75424 | Zig:5    | Entered Level 5 of a ziggurat
 75438 | Zig:5    | Identified the +9 chain mail "Edghocli" {Int+3 Stlth+}
 75458 | Zig:5    | Acquired the Volume of Air
 75460 | Zig:5    | Acquired a book of Power
 75465 | Zig:6    | Entered Level 6 of a ziggurat
 75477 | Zig:6    | Reached skill level 15 in Spellcasting
 75512 | Zig:7    | Entered Level 7 of a ziggurat
 75581 | Zig:7    | Identified the ring "Mideor" {rN+++ MP+9 Int+2 Dex-2 SInv}
 75599 | Zig:7    | Lost mutation: You sometimes lose the ability to read
                  | scrolls when taking damage. [potion of mutation]
 75599 | Zig:7    | Gained mutation: Potions are less effective at restoring
                  | your health. [potion of mutation]
 75599 | Zig:7    | Gained mutation: You do not regenerate when monsters are
                  | visible. [potion of mutation]
 75599 | Zig:7    | Gained mutation: You tend to lose your temper in combat.
                  | [potion of mutation]
 75600 | Zig:7    | Lost mutation: Potions are less effective at restoring your
                  | health. [potion of mutation]
 75600 | Zig:7    | Lost mutation: You tend to lose your temper in combat.
                  | [potion of mutation]
 75600 | Zig:7    | Gained mutation: You have supernaturally acute eyesight.
                  | (SInv) [potion of mutation]
 75600 | Zig:7    | Gained mutation: You are resistant to electric shocks.
                  | (rElec) [potion of mutation]
 75600 | Zig:7    | Gained mutation: You are dopey. (Int -2) [potion of
                  | mutation]
 75600 | Zig:7    | Gained mutation: You expend magic power (3 MP) to
                  | strengthen your wands. [potion of mutation]
 75601 | Zig:7    | Lost mutation: You are dopey. (Int -2) [potion of mutation]
 75601 | Zig:7    | Lost mutation: You expend magic power (3 MP) to strengthen
                  | your wands. [potion of mutation]
 75601 | Zig:7    | Lost mutation: You are resistant to electric shocks.
                  | (rElec) [potion of mutation]
 75601 | Zig:7    | Gained mutation: Your spells are a little harder to cast,
                  | but a little more powerful. [potion of mutation]
 75601 | Zig:7    | Gained mutation: You expend magic power (3 MP) to
                  | strengthen your wands. [potion of mutation]
 75602 | Zig:7    | Lost mutation: You expend magic power (3 MP) to strengthen
                  | your wands. [potion of mutation]
 75602 | Zig:7    | Lost mutation: You have supernaturally acute eyesight.
                  | (SInv) [potion of mutation]
 75602 | Zig:7    | Lost mutation: You do not regenerate when monsters are
                  | visible. [potion of mutation]
 75602 | Zig:7    | Gained mutation: You sometimes lose the ability to read
                  | scrolls when taking damage. [potion of mutation]
 75602 | Zig:7    | Lost mutation: Your spells are a little harder to cast, but
                  | a little more powerful. [potion of mutation]
 75602 | Zig:7    | Gained mutation: Your system is resistant to poisons.
                  | (rPois) [potion of mutation]
 75604 | Zig:8    | Entered Level 8 of a ziggurat
 75646 | Zig:8    | Got Xeumaduwk's Almanac of Icy Evil Magic
 75672 | Zig:8    | Identified the +8 dire flail "Ziaraole" {pain, rPois rF++
                  | Int-4 Dex+4}
 75696 | Zig:8    | Lost mutation: Your system is resistant to poisons. (rPois)
                  | [potion of mutation]
 75696 | Zig:8    | Lost mutation: You sometimes lose the ability to read
                  | scrolls when taking damage. [potion of mutation]
 75696 | Zig:8    | Gained mutation: You tend to lose your temper in combat.
                  | [potion of mutation]
 75696 | Zig:8    | Gained mutation: Your body sometimes deteriorates upon
                  | taking damage. [potion of mutation]
 75696 | Zig:8    | Gained mutation: Your flesh is cold resistant. (rC+)
                  | [potion of mutation]
 75696 | Zig:8    | Gained mutation: You expend magic power (3 MP) to
                  | strengthen your wands. [potion of mutation]
 75697 | Zig:8    | Lost mutation: You expend magic power (3 MP) to strengthen
                  | your wands. [potion of mutation]
 75697 | Zig:8    | Lost mutation: Your flesh is cold resistant. (rC+) [potion
                  | of mutation]
 75697 | Zig:8    | Gained mutation: You have supernaturally acute eyesight.
                  | (SInv) [potion of mutation]
 75697 | Zig:8    | Gained mutation: You have a pair of small horns on your
                  | head. [potion of mutation]
 75697 | Zig:8    | Gained mutation: Your movements are slightly less
                  | encumbered by armour. (ER -2) [potion of mutation]
 75698 | Zig:8    | Lost mutation: Your movements are slightly less encumbered
                  | by armour. (ER -2) [potion of mutation]
 75698 | Zig:8    | Lost mutation: You have a pair of small horns on your head.
                  | [potion of mutation]
 75698 | Zig:8    | Lost mutation: You tend to lose your temper in combat.
                  | [potion of mutation]
 75698 | Zig:8    | Gained mutation: You are somewhat resistant to further
                  | mutation. [potion of mutation]
 75698 | Zig:8    | Gained mutation: You expend magic power (3 MP) to
                  | strengthen your wands. [potion of mutation]
 75698 | Zig:8    | Gained mutation: You are robust. (+10% HP) [potion of
                  | mutation]
 75705 | Zig:9    | Entered Level 9 of a ziggurat
 75709 | Zig:9    | Noticed Caeruedi the pandemonium lord
 75709 | Zig:9    | Noticed Oleuc the pandemonium lord
 75710 | Zig:9    | Noticed Tuppu Bodie the pandemonium lord
 75804 | Depths:1 | Learned a level 4 spell: Airstrike
 75930 | Zot:1    | Entered Level 1 of the Realm of Zot
 76175 | Zot:1    | Reached skill level 13 in Invocations
 76395 | Zot:1    | Reached skill level 14 in Invocations
 77184 | Zot:1    | Reached skill level 15 in Invocations
 77361 | Zot:2    | Reached skill level 16 in Invocations
 77653 | Zot:2    | Reached skill level 17 in Invocations
 78029 | Zot:2    | Reached skill level 18 in Invocations
 78410 | Zot:3    | Reached skill level 19 in Invocations
 78578 | Zot:3    | Reached skill level 20 in Invocations
 78824 | Zot:3    | Reached skill level 21 in Invocations
 79048 | Zot:3    | Reached skill level 22 in Invocations
 79974 | Zot:4    | Reached skill level 23 in Invocations
 80502 | Zot:4    | Reached skill level 24 in Invocations
 80739 | Zot:4    | Found the +4 dragonskin cloak
 80739 | Zot:4    | Noticed Tiamat
 80743 | Zot:4    | Reached skill level 25 in Invocations
 81197 | Zot:4    | Identified the +8 glaive of Daumef {drain, rCorr Int+2}
 81319 | Zot:4    | Killed Tiamat
 81320 | Zot:4    | Reached skill level 26 in Invocations
 81727 | Zot:4    | Identified the +8 chain mail "Iteish" {rF+}
 81900 | Zot:5    | Entered Level 5 of the Realm of Zot
 81902 | Zot:5    | Noticed an orb of fire
 81930 | Zot:4    | Gained mutation: You are weak. (Str -2) [an orb of fire]
 81932 | Zot:4    | Killed an orb of fire
 82495 | Zot:5    | Reached skill level 27 in Invocations
 82497 | Zot:5    | Reached skill level 1 in Maces & Flails
 82612 | Zot:5    | Noticed an ancient lich
 82625 | Zot:5    | Killed an ancient lich
 82690 | Zot:5    | Noticed an orb of fire
 82697 | Zot:5    | Gained mutation: Your body often deteriorates upon taking
                  | damage. [an orb of fire]
 82700 | Zot:5    | Killed an orb of fire
 82702 | Zot:5    | Noticed a dread lich
 82702 | Zot:5    | Noticed an ancient lich
 82711 | Zot:5    | Killed a dread lich
 82713 | Zot:5    | Noticed an ancient lich
 82713 | Zot:5    | Noticed an orb of fire
 82720 | Zot:5    | Killed an ancient lich
 82726 | Zot:5    | Reached skill level 5 in Maces & Flails
 82731 | Zot:5    | Gained mutation: You sometimes lose the ability to read
                  | scrolls when taking damage. [an orb of fire]
 82738 | Zot:5    | Killed an ancient lich
 82741 | Zot:5    | Lost mutation: You are robust. (+10% HP) [an orb of fire]
 82745 | Zot:5    | Killed an orb of fire
 82981 | Zot:5    | Got the Orb of Zot
 83382 | D:15     | Noticed Ylulink the pandemonium lord
 83401 | D:15     | Killed Ylulink the pandemonium lord
 83666 | D:1      | Lost mutation: Your body often deteriorates upon taking
                  | damage. [potion of mutation]
 83666 | D:1      | Lost mutation: You sometimes lose the ability to read
                  | scrolls when taking damage. [potion of mutation]
 83667 | D:1      | Lost mutation: Your body sometimes deteriorates upon taking
                  | damage. [potion of mutation]
 83667 | D:1      | Lost mutation: You are weak. (Str -2) [potion of mutation]
 83669 | D:$      | Escaped with the Orb!

Illustrated notes

Levels and vault maps discovered:
D:1:      nicolae_arrival_memento_mori, layout_rooms,
          hellmonk_ecumenical_altar_slurped_away
D:2:      layout_loops_cross, uniq_terence
D:3:      layout_loops_ring, bloody_makhleb, minmay_misc_feat_cross,
          nrook_campfire
D:4:      corexii_shantytown, layout_loops_ring, serial_shops, shop
D:5:      layout_basic, mainiacjoe_overflow_brackets, lemuel_crystal_altar,
          nicolae_qazlal_scattered_showers, cheibrodos_sewer_entry_bend,
          st_stairs_6, minmay_shop_enchanted_jewellery, hangedman_decor_lopped,
          kennysheep_generic_room_11
D:6:      layout_cave_pools, riverfiend_overflow_shadow_ancestor,
          mainiacjoe_overflow_six_doors_small, nemelex_spade_bored_becter,
          tgw_sif, kennysheep_generic_room_12
D:7:      layout_loops_ring, minmay_temple_entry_trees, serial_shops,
          nicolae_diamond_shop
D:8:      layout_cave_pools, lemuel_crystal_altar, jmf_multi_god_temple2,
          serial_gnoll_camp, gnoll_camp_mini_loothouse, gnoll_camp_mini_hut,
          gnoll_camp_mini_shop, gnoll_camp_mini_house, gnoll_camp_huts_basic,
          gammafunk_ghost_split, enter_bailey_2, minivault_4,
          minmay_crystal_room
D:9:      layout_roguey, kennysheep_little_box, kennysheep_cross_room
D:10:     layout_rooms, lair_entry_dummy
D:11:     layout_roguey, hiddenorc2_lemuel, portal_ice_cave_entry_pillars_2,
          minmay_the_grid_square_5x5_3x3_mashed
          [minmay_the_grid_square_5x5_bridge,
          minmay_the_grid_square_5x5_percent,
          minmay_the_grid_square_5x5_trominoes,
          minmay_the_grid_square_5x5_misaligned,
          minmay_the_grid_square_5x5_megaprize_checkered,
          minmay_the_grid_square_5x5_tetrominoes,
          minmay_the_grid_square_5x5_fat_x,
          minmay_the_grid_square_5x5_gyroscope,
          minmay_the_grid_square_5x5_seven], uniq_erica
D:12:     minmay_spotlight, layout_rooms, uniq_kirke, uniq_rupert,
          uniq_gastronok
D:13:     layout_loops_ring, grunt_vaults_entry_fortified, kennysheep_potato
D:14:     layout_small_grid, nzn_hepliaklqana_mist_gate, evilmike_ruin_ashenzari
D:15:     grunt_enter_depths_snipers, layout_layer_cave, serial_shops, shop,
          serial_bayou_pond_e, uniq_agnes, uniq_jorgrun, uniq_azrael
Lair:1:   layout_roguey, nzn_random_ring
Lair:2:   layout_layer_cave, nzn_masters_of_martial_movement
Lair:3:   layout_misc_corridors, minmay_swamp_entry_reptiles,
          nicolae_quartered_pool_super, lemuel_fruit_tree
Lair:4:   layout_small_grid, spider_nest_entry_rubble, minivault_27,
          chequers_serial_rivers_room_b, serial_bayou_shore_b
Lair:5:   layout_gridlike, minmay_holes, chequers_serial_rivers_small_b,
          chequers_serial_rivers_large_b, beast_lair_carwin_7
Lair:6:   evilmike_catoblepas_cave, layout_hall_layers, slime_altar_1,
          grunt_megastairs_1
Swamp:1:  layout_basic_swamp, serial_swamp_ruin, evilmike_swamp_ruin_house_3,
          evilmike_swamp_ruin_house_6
Swamp:2:  layout_falls_marsh, evilmike_swamp_ruin_rubble_2, uniq_nikola,
          uniq_roxanne
Swamp:3:  layout_basic_swamp, nicolae_swamp_stair_fork, nicolae_swamp_big_swirl,
          uniq_donald
Swamp:4:  swamp_old_school, layout_basic_swamp, gammafunk_ghost_grave,
          swamp_pool3
Spider:1: layout_spider_delve, drop_trap
Spider:2: layout_spider_delve, uniq_arachne
Spider:3: layout_spider_delve, gammafunk_ghost_split,
          nicolae_spider_altar_of_dancing
Spider:4: spider_rune_water, nicolae_spider_stair_cavern, uniq_louise,
          uniq_bai_suzhen
Slime:1:  layout_caves
Slime:2:  cheibrodos_slime_lost_civilization_9, layout_caves,
          cheibrodos_slime_lost_civilization_6
Slime:3:  layout_caves
Slime:4:  layout_caves, cheibrodos_slime_lost_civilization_5
Slime:5
Orc:1:    nicolae_orc_accident_1, layout_diamond_mine
Orc:2:    grunt_orc_cross, layout_caves
Elf:1:    eino_elf_arrival_shootout, layout_onion_city, ebering_ghost_xom,
          minmay_elf_necromancy
Elf:2:    nicolae_elf_blades_crystal_corner, layout_loops_corners
Elf:3:    elf_hall, layout_gridlike, serial_shops, bzr_in_the_mist
Vaults:1: nicolae_vaults_network_square, nicolae_vaults_triangles,
          nicolae_vaults_c_with_doors, hangedman_vaults_impose,
          nicolae_vaults_arrows, hangedman_vaults_unwind, v_misc_17,
          layout_vaults_chaotic_city
Vaults:2: vaults_mumra_minichess, vaults_mumra_minichess_inversion,
          nicolae_vaults_hallways_thing, hangedman_vaults_cutoff,
          hangedman_vaults_hat, dpeg_vaults_monster_row,
          nicolae_vaults_little_squares_5, vaults_room_large_hall,
          ontoclasm_vaults_idyll, v_misc_8, v_alt_pattern_1,
          vaults_room_door_hall, nicolae_vaults_shelves_hall,
          grunt_vaults_hallway_short, layout_vaults_omnibox,
          nicolae_trove_entry_free_sample, serial_glass, uniq_asterion
Vaults:3: hangedman_vaults_restitches, vaults_mumra_chevron_long,
          st_greater_box_1, hangedman_vaults_locks,
          nicolae_vaults_sealed_display, ontoclasm_vaults_gateway,
          layout_vaults_omnigrid, serial_shops, shop_fountains, shop,
          nicolae_shop_crystal
Vaults:4: nicolae_vaults_disjoint_gnomons, v_alt_pattern_4,
          vaults_mumra_hexcomb, hangedman_vaults_stretched_pinwheel, v_misc_8,
          ontoclasm_vaults_pinch, vaults_room_hangedman_quadrants,
          ontoclasm_vaults_twist, hangedman_vaults_cutoff,
          nicolae_vaults_alarming, vaults_room_pools,
          vaults_room_stairs_pillars, hangedman_vaults_capsules,
          nicolae_vaults_rhombus_6, layout_vaults_ring
Vaults:5: uniq_margery
Crypt:1:  layout_basic, grunt_crypt_arrival_webbed, uniq_saint_roka
Crypt:2:  layout_misc_corridors, infiniplex_enter_wizlab_water, uniq_mara
Crypt:3:  church_of_pain_bobbens, layout_chaotic_city, gammafunk_ghost_spectres,
          grunt_ministairs_1
Depths:1: layout_twisted_cross, enter_ziggurat_e, abyss_entry, hell_entry,
          chequers_serial_rivers_large_a, fake_guardian_serpent_vault,
          minmay_shop_grove, uniq_aizul
Depths:2: lemuel_river_lethe, hell_entry, abyss_entry, pan_entry
Depths:3: abrahamwl_protected_by_tso_3, layout_gridlike, abyss_entry,
          rand_demon_pan_entry_8, pf_coc_iceberg, columned_hall_lemuel,
          minmay_staircase_windowed_small, uniq_xtahua
Depths:4: minmay_four_inscribed_fans, layout_gridlike,
          hangedman_abyss_entry_splay, hangedman_ru_absence, hell_entry,
          uniq_frederick
Depths:5: grunt_zot_entry_funnels, layout_cave_pools, lightli_too_deep,
          rand_demon_pan_entry_5, nicolae_uskayaw_suspiria, serial_shops,
          nicolae_diamond_shop, serial_bayou_shore_b, uniq_enchantress,
          uniq_mennas
Zot:1:    hangedman_zot_vaults_quadrants, layout_concentric_octagons
Zot:2:    lemuel_draconian_sentries_small, layout_gridlike
Zot:3:    layout_cathedral_of_symmetry, grunt_megastairs_3
Zot:4:    layout_gridlike, st_grand_hoard_of_tiamat
Zot:5:    layout_gridlike, lemuel_golem_globe

Skill      XL: |  1  2  3  4  5  6  7  8  9 10 11 12 13 14 15 16 17 18 19 20 21 22 23 24 25 26 27 |
---------------+----------------------------------------------------------------------------------+-----
Fighting       | 1 2 3 4 5 7 9 10 11 12 13 14 15 17 18 19 20 21 22 25 | 25.9
Ice Magic      | 4 5 6 7 |  7.6
Polearms       | 1 2 3 5 6 8 9 10 11 12 | 12.1
Spellcasting   | 3 4 5 6 9 10 11 12 13 15 | 15.5
Invocations    | 5 8 11 12 27 | 27.0
Dodging        | 4 6 7 10 14 | 14.2
Armour         | 3 6 7 8 9 |  9.8
Evocations     | 4 5 7 8 10 12 14 16 17 18 20 | 20.3
Staves         | 4 6 8 9 |  9.7
Shields        | 2 6 7 12 14 15 | 15.1
Conjurations   | 1 5 8 9 10 12 13 15 | 15.7
Air Magic      | 1 5 7 8 10 12 | 12.9
Earth Magic    | 3 6 7 |  7.5
Maces & Flails | 8 |  8.0
Stealth        | |  1.7

Action                   |  1- 3 |  4- 6 |  7- 9 | 10-12 | 13-15 | 16-18 | 19-21 | 22-24 | 25-27 || total
-------------------------+-------+-------+-------+-------+-------+-------+-------+-------+-------++-------
Melee: Unarmed           |     2 |       |       |       |       |       |       |       |       ||     2
       Short sword       |    21 |       |       |       |       |       |       |       |       ||    21
       Spear             |    22 |    78 |       |       |       |       |       |       |       ||   100
       Trident           |       |    38 |   131 |   192 |   482 |       |       |       |       ||   843
       Kick              |       |    14 |    52 |   118 |   411 |   407 |   418 |   526 |  1187 ||  3133
       Halberd           |       |       |   130 |   301 |       |       |       |       |       ||   431
       Staff             |       |       |       |       |   590 |  1092 |  1033 |  1167 |  2424 ||  6306
Throw: Dart              |       |       |       |     5 |    11 |     5 |     9 |       |       ||    30
       Throwing net      |       |       |       |       |       |       |       |       |     1 ||     1
 Cast: Freeze            |    29 |       |       |       |       |       |       |       |       ||    29
       Frozen Ramparts   |       |       |       |       |     8 |    16 |    39 |    15 |    68 ||   146
       Ozocubu's Armour  |       |       |       |       |     3 |     2 |     6 |     6 |     9 ||    26
       Freezing Cloud    |       |       |       |       |       |    20 |     3 |     1 |     5 ||    29
       Passwall          |       |       |       |       |       |       |       |     1 |     5 ||     6
       Iron Shot         |       |       |       |       |       |       |       |     1 |     1 ||     2
       Airstrike         |       |       |       |       |       |       |       |       |     2 ||     2
Invok: Recall Ancestor   |     1 |       |       |     2 |     2 |     4 |     2 |     1 |     5 ||    17
       Ancestor Life: Kn |     1 |       |       |       |       |       |       |       |       ||     1
       Idealise          |       |       |       |     1 |       |       |       |       |     2 ||     3
Evoke: Wand              |       |       |     5 |    13 |     4 |     7 |    15 |     1 |    12 ||    57
       Condenser vane    |       |       |       |       |     5 |     9 |     8 |     4 |    15 ||    41
       Tin of tremorston |       |       |       |       |     6 |    13 |    11 |     7 |    39 ||    76
       Lightning rod     |       |       |       |       |     8 |     4 |     2 |       |     3 ||    17
       Box of beasts     |       |       |       |       |     2 |     1 |       |       |     1 ||     4
  Use: Scroll            |     2 |     7 |     7 |    14 |    12 |     6 |    23 |     3 |    14 ||    88
       Potion            |       |       |     7 |    12 |    12 |     4 |    12 |     1 |    23 ||    71
 Stab: Sleeping          |     3 |     9 |       |     4 |    15 |    11 |     8 |     6 |     4 ||    60
       Distracted        |     1 |       |     3 |     6 |    20 |     7 |    16 |    21 |    50 ||   124
       Paralysed         |       |       |     3 |     8 |       |     1 |     5 |       |       ||    17
       Confused          |       |       |       |       |     1 |       |       |       |       ||     1
       Invisible         |       |       |       |       |     2 |     1 |       |       |       ||     3
       Petrifying        |       |       |       |       |     1 |       |       |       |       ||     1
Armor: Robe              |    10 |    11 |     5 |       |       |       |       |       |       ||    26
       Ring mail         |       |       |    48 |   127 |   249 |   423 |   257 |    79 |       ||  1183
       Skin              |       |       |       |    13 |     4 |       |       |       |       ||    17
       Scale mail        |       |       |       |       |       |       |       |   113 |   540 ||   653
Dodge: Dodged            |    22 |    47 |   101 |   125 |   360 |   342 |   306 |   344 |   988 ||  2635
Block: Other             |     6 |    13 |    66 |   119 |   135 |       |       |       |       ||   339
       Buckler           |       |       |       |       |   299 |   339 |       |       |       ||   638
       Kite shield       |       |       |       |       |       |   521 |   788 |   740 |  1971 ||  4020
       Reflection        |       |       |       |       |       |       |    61 |    14 |    47 ||   122
